 Dungeon Sprint DCSS version 0.19-a0-1908-g43c011f (webtiles) character file.

3132 esc the Covert (level 9, -15/75 HPs)
             Began as a Vampire Enchanter on Oct 22, 2016.
             Was a Priest of Dithmenos.
             Killed from afar by a crystal guardian (42 damage)
             ... with a crystal bolt
             ... in the Dungeon (Sprint II: "The Violet Keep of Menkaure").
             The game lasted 00:04:50 (578 turns).

esc the Covert (Vampire Enchanter)                   Turns: 578, Time: 00:04:51

Health: -15/75     AC:  3    Str:  7    XL:     9   Next: 61%
Magic:  0/21       EV: 19    Int: 21    God:    Dithmenos [***...]
Gold:   1053       SH:  0    Dex: 14    Spells: 5 memorised, 13 levels left

rFire  . . .     SeeInvis +     a - +1 dagger
rCold  . . .     Gourm    .     b - +1 robe
rNeg   + . .     Faith    .     (no shield)
rPois  .         Spirit   .     (no helmet)
rElec  .         Reflect  .     (no cloak)
rCorr  .         Harm     .     (no gloves)
MR     .....     NoTele   +     (no boots)
Stlth  ++++++++..               (no amulet)
                                (no ring)
                                (no ring)

@: wreathed by umbra
A: fangs 3, see invisible, unbreathing
a: Bat Form, Shadow Step, Renounce Religion


You were in the Dungeon.
You worshipped Dithmenos.
Dithmenos was most pleased with you.
You were not thirsty.

You visited 1 branch You collected 1053 gold pieces.

Inventory:

Hand Weapons
 a - a +1 dagger (weapon)
Armour
 b - a +1 robe (worn)
Scrolls
 j - a scroll of blinking {!r}
Potions
 d - 8 potions of blood {@q1}
 e - a potion of curing
 f - a potion of heal wounds
 g - a potion of haste
 h - 2 potions of magic
 i - a potion of berserk rage {!q}
Books
 c - a book of Maledictions


   Skills:
 + Level 8.4 Fighting
 + Level 10.0 Short Blades
 + Level 10.3 Dodging
 + Level 14.3 Stealth
 + Level 8.8 Spellcasting
 + Level 13.3 Hexes


You had 13 spell levels left.
You knew the following spells:

 Your Spells              Type           Power        Failure   Level  Hunger
a - Ensorcelled Hibernat  Hex/Ice        #####.       1%          2    None
b - Tukima's Dance        Hex            ######..     1%          3    None
c - Confuse               Hex            ######..     1%          3    None
d - Dazzling Spray        Conj/Hex       #####.       1%          3    None
v - Corona                Hex            ######.      1%          1    None


Dungeon Overview and Level Annotations

Branches:
Dungeon (1/1)

Altars:
Cheibriados
Dithmenos
Elyvilon
Fedhas
Gozag
Hepliaklqana
Kikubaaqudgha
Makhleb
Nemelex Xobeh
Okawaru
Qazlal
Ru
Sif Muna
Trog
Uskayaw
Vehumet
Xom
Yredelemnul
Zin
The Shining One
Beogh
Jiyva
Lugonu


Innate Abilities, Weirdness & Mutations

You have razor-sharp teeth.
You have supernaturally acute eyesight. (SInv)
You can survive without breathing.


Message History

Your experience leads to an increase in your attributes!
Increase (S)trength, (I)ntelligence, or (D)exterity?
You feel clever.
The swamp drake breathes noxious fumes at you.
The noxious blast engulfs the death drake.
The death drake appears unharmed.
Health restored: 72
Aim: a death drake (noxious fumes, hasn't noticed you, umbra, chance to defeat MR: 45%)
The death drake resists with some effort.
The death drake breathes miasma at you. The foul vapour misses you.
You now have 13/20 mp.
The death drake bites you.
You take 4 damage, and have 68/72 hp.
Aim: a death drake (catching its breath, umbra, chance to defeat MR: 45%)
The death drake looks drowsy...
The swamp drake breathes noxious fumes at you.
The noxious blast engulfs the death drake.
The death drake appears unharmed.
You now have 12/20 mp.
The helpless death drake fails to defend itself.
You skewer the death drake like a kebab!!!!
You kill the death drake!
Dithmenos accepts your kill.
Your Fighting skill increases to level 8!
Your Spellcasting skill increases to level 8!
You regained 2 hp, and now have 70/74 hp.
You barely miss the death drake.
The death drake hisses angrily.
The death drake misses you.
The death drake bites you but does no damage.
Aim: a death drake (umbra, chance to defeat MR: 46%)
The death drake resists with some effort.
The death drake bites you.
You take 5 damage, and have 66/74 hp.
You now have 10/21 mp.
Aim: a death drake (umbra, chance to defeat MR: 46%)
The death drake looks drowsy...
You now have 8/21 mp.
The helpless death drake fails to defend itself.
You spit the death drake like a pig!!!!
You kill the death drake!
Dithmenos accepts your kill.
Your Dodging skill increases to level 10!
Your Stealth skill increases to level 14!
Your Hexes skill increases to level 13!
The swamp drake barely misses you.
Things that are here:
a death drake corpse x2
Aim: a swamp drake (umbra, chance to defeat MR: 65%)
The swamp drake looks drowsy...
You now have 7/21 mp.
The helpless swamp drake fails to defend itself.
You perforate the swamp drake like a sieve!!!!
You kill the swamp drake!
Dithmenos accepts your kill.
You now sometimes bleed smoke when heavily injured by enemies.
Your Short Blades skill increases to level 10!
You bottle the corpse's blood.
d - 6 potions of blood {@q1} (gained 2)
You see here a death drake corpse.
You bottle the corpse's blood.
d - 8 potions of blood {@q1} (gained 2)
You see here a death drake skeleton.
There isn't anything to bottle or butcher here.
A crystal guardian comes into view.
The crystal guardian misses you.
You see here a swamp drake corpse.
You bottle the corpse's blood.
The crystal guardian completely misses you.
You see here 2 potions of blood {@q1}.
There isn't anything to bottle or butcher here.
You see here a death drake skeleton.
The crystal guardian fires a crystalline bolt at you.
The crystal bolt misses you.
Aim: a crystal guardian (umbra)
The spray of energy hits the crystal guardian.
You now have 5/21 mp.
You can't see any susceptible monsters within range! (Use Z to cast anyway.)
Okay, then.
Unknown command.
The crystal guardian fires a crystalline bolt at you.
The crystal bolt misses you.
Aim: a crystal guardian (lightly damaged, umbra)
The spray of energy hits the crystal guardian.
The crystal guardian fires a crystalline bolt at you.
The crystal bolt burns you!
Ouch! That really hurt!
You emit a cloud of dark smoke.
You take 44 damage, and have 26/75 hp.
MASSIVE DAMAGE!!
You now have 3/21 mp.
Aim: a crystal guardian (umbra)
The spray of energy hits the crystal guardian.
You now have 0/21 mp.
The crystal guardian fires a crystalline bolt at you.
The crystal bolt misses you.
The crystal guardian fires a crystalline bolt at you.
The crystal bolt burns you!
Ouch! That really hurt!
You die...

... ..#..# ##+##.. #.#..#
#.).##.#### +.##!#
.÷#..#....# #..÷####
#...####..## ##§§##.# (($
##'###.##..# +§8#..#▓??!$)$
##.##.%.#..# #§§#..#▓%$%?$%)
'.<.'##.'..####..##.#▓[%%[?$$
##.##...#....###@^.##▓▓▓▓▓▓▓+
##'###%##...§..≈≈≈≈≈≈≈≈≈≈≈≈≈
#.#.####≈≈..§..≈#'########+##
.##%.#≈≈§≈≈≈≈..≈#%)..._._#≈§≈
##..##≈≈≈≈§≈≈≈.≈#...._._.#≈§≈
#+##≈≈≈≈≈§≈≈≈§≈#..._._._#§§≈
≈≈≈≈§§§≈§§≈≈#.._._._.#§§t
++#≈≈§≈≈§≈≈≈#._._._._#§§§
#≈≈§###≈§#_._._._.#§t§


You could see a crystal guardian.

Vanquished Creatures
  2 death drakes (D)
  A yaktaur (D)
  3 polar bears (D)
  A hornet (D)
  2 swamp drakes (D)
  4 necrophages (D)
  A crocodile (D)
  4 worker ants (D)
  3 worms (D)
21 creatures vanquished.

Vanquished Creatures (collateral kills)
  A siren (D)
1 creature vanquished.

Grand Total: 22 creatures vanquished

Notes
Turn   | Place    | Note
-------+----------+-------------------------------------------
     0 | D        | esc the Vampire Enchanter began the quest for the Orb.
     0 | D        | Reached XP level 1. HP: 13/13 MP: 3/3
     1 | D        | Noticed a siren
     4 | D        | Noticed a worker ant
     4 | D        | Noticed a worker ant
     6 | D        | Noticed a worker ant
     6 | D        | Noticed a worker ant
     7 | D        | Killed a worker ant
     7 | D        | Reached skill level 1 in Fighting
     7 | D        | Reached skill level 2 in Short Blades
     7 | D        | Reached skill level 3 in Dodging
     7 | D        | Reached skill level 5 in Stealth
     7 | D        | Reached skill level 5 in Hexes
     7 | D        | Reached XP level 2. HP: 21/21 MP: 3/5
     8 | D        | Reached skill level 2 in Fighting
     8 | D        | Reached skill level 6 in Stealth
     8 | D        | Reached skill level 3 in Spellcasting
     8 | D        | Reached XP level 3. HP: 27/27 MP: 3/7
    10 | D        | Reached skill level 3 in Short Blades
    10 | D        | Reached skill level 4 in Dodging
    10 | D        | Reached skill level 6 in Hexes
    10 | D        | Reached XP level 4. HP: 34/34 MP: 3/9
    13 | D        | Reached skill level 7 in Stealth
    68 | D        | Learned a level 2 spell: Ensorcelled Hibernation
    72 | D        | Learned a level 3 spell: Confuse
    76 | D        | Learned a level 3 spell: Tukima's Dance
    79 | D        | Reached skill level 3 in Fighting
    83 | D        | Reached skill level 4 in Spellcasting
   106 | D        | Killed a siren
   106 | D        | Reached skill level 5 in Fighting
   106 | D        | Reached skill level 6 in Short Blades
   106 | D        | Reached skill level 6 in Dodging
   106 | D        | Reached skill level 10 in Stealth
   106 | D        | Reached skill level 5 in Spellcasting
   106 | D        | Reached skill level 9 in Hexes
   106 | D        | Reached XP level 5. HP: 15/44 MP: 4/13
   106 | D        | Reached XP level 6. HP: 18/51 MP: 4/14
   305 | D        | Reached skill level 7 in Dodging
   305 | D        | Reached skill level 6 in Spellcasting
   305 | D        | Reached XP level 7. HP: 56/56 MP: 14/16
   306 | D        | Reached skill level 10 in Hexes
   310 | D        | Reached skill level 7 in Short Blades
   310 | D        | Reached skill level 11 in Stealth
   317 | D        | Reached skill level 6 in Fighting
   346 | D        | Found a snail-covered altar of Cheibriados.
   347 | D        | Found a shadowy altar of Dithmenos.
   348 | D        | Found a white marble altar of Elyvilon.
   348 | D        | Found an ancient bone altar of Kikubaaqudgha.
   348 | D        | Found a roughly hewn altar of Beogh.
   348 | D        | Found a viscous altar of Jiyva.
   350 | D        | Found a blossoming altar of Fedhas.
   350 | D        | Found a corrupted altar of Lugonu.
   350 | D        | Found a deep blue altar of Sif Muna.
   351 | D        | Found an opulent altar of Gozag.
   351 | D        | Found a burning altar of Makhleb.
   351 | D        | Found a bloodstained altar of Trog.
   352 | D        | Found a sparkling altar of Nemelex Xobeh.
   352 | D        | Found a hide-covered altar of Uskayaw.
   353 | D        | Found a glowing silver altar of Zin.
   354 | D        | Found an iron altar of Okawaru.
   354 | D        | Found a radiant altar of Vehumet.
   354 | D        | Found a glowing golden altar of the Shining One.
   354 | D        | Found a hazy altar of Hepliaklqana.
   354 | D        | Found a sacrificial altar of Ru.
   354 | D        | Found a basalt altar of Yredelemnul.
   354 | D        | Noticed a hornet
   354 | D        | Noticed a polar bear
   355 | D        | Noticed a polar bear
   355 | D        | Found a stormy altar of Qazlal.
   355 | D        | Found a shimmering altar of Xom.
   355 | D        | Noticed a yaktaur
   360 | D        | Became a worshipper of Dithmenos the Shadowed
   368 | D        | Killed a hornet
   368 | D        | Reached skill level 8 in Dodging
   370 | D        | Killed a yaktaur
   370 | D        | Reached skill level 8 in Short Blades
   370 | D        | Reached skill level 12 in Stealth
   370 | D        | Reached skill level 7 in Spellcasting
   370 | D        | Reached skill level 11 in Hexes
   370 | D        | Reached XP level 8. HP: 65/65 MP: 12/18
   373 | D        | Reached * piety under Dithmenos
   390 | D        | Killed a polar bear
   390 | D        | Reached skill level 7 in Fighting
   401 | D        | Killed a polar bear
   401 | D        | Reached skill level 9 in Dodging
   401 | D        | Reached skill level 12 in Hexes
   481 | D        | Noticed a death drake
   485 | D        | Noticed a polar bear
   495 | D        | Learned a level 3 spell: Dazzling Spray
   506 | D        | Killed a polar bear
   506 | D        | Reached ** piety under Dithmenos
   506 | D        | Reached skill level 13 in Stealth
   549 | D        | Noticed a death drake
   550 | D        | Reached skill level 9 in Short Blades
   550 | D        | Reached XP level 9. HP: 72/72 MP: 15/20
   555 | D        | Killed a death drake
   555 | D        | Reached skill level 8 in Fighting
   555 | D        | Reached skill level 8 in Spellcasting
   560 | D        | Killed a death drake
   560 | D        | Reached skill level 10 in Dodging
   560 | D        | Reached skill level 14 in Stealth
   560 | D        | Reached skill level 13 in Hexes
   563 | D        | Reached *** piety under Dithmenos
   563 | D        | Reached skill level 10 in Short Blades
   568 | D        | Noticed a crystal guardian
   578 | D        | Killed from afar by a crystal guardian

Vault maps used:
D:        the_violet_keep_of_menkaure

Skill      XL: |  1  2  3  4  5  6  7  8  9 |
---------------+----------------------------+-----
Fighting       | 1 2 5 6 7 8 |  8.4
Short Blades   | 2 3 6 8 9 10 | 10.0
Dodging        | 3 4 6 7 8 9 10 | 10.3
Stealth        | 5 6 10 12 13 14 | 14.3
Hexes          | 5 6 9 11 12 13 | 13.3
Spellcasting   | 3 5 6 7 8 |  8.8

Action                   |  1- 3 |  4- 6 |  7- 9 || total
-------------------------+-------+-------+-------++-------
Melee: Dagger            |     3 |     9 |    37 ||    49
       Bite              |       |     1 |     4 ||     5
 Cast: Tukima's Dance    |       |     2 |       ||     2
       Ensorcelled Hiber |       |       |    10 ||    10
       Confuse           |       |       |     4 ||     4
       Dazzling Spray    |       |       |     4 ||     4
 Stab: Sleeping          |     3 |     6 |     9 ||    18
       Confused          |       |       |     5 ||     5
       Invisible         |       |       |     2 ||     2
Armor: Robe              |       |       |     2 ||     2
Dodge: Dodged            |       |     1 |    23 ||    24

Vault maps used:
D:        the_violet_keep_of_menkaure

Table legend:
 A = Turns spent in this place as a percentage of turns spent in the entire game.
 B = Non-inter-level travel turns spent in this place as a percentage of non-inter-level travel turns spent in the entire game.
 C = Inter-level travel turns spent in this place as a percentage of turns spent in this place.
 D = Turns resting spent in this place as a percentage of non-inter-level travel turns spent in this place.
 E = Turns spent auto-exploring this place as a percentage of non-inter-level travel turns spent in this place.
 F = Non-inter-level travel turns spent in this place divided by the number of levels of this place that you've seen.
                   A       B       C       D       E      F
               +-------+-------+-------+-------+-------+----------------------
         Total | 100.0 | 100.0 |   0.0 |   3.8 |   0.0 | 266.0
       Dungeon | 100.0 | 100.0 |   0.0 |   3.8 |   0.0 | 266.0
               +-------+-------+-------+-------+-------+----------------------

Table legend:
 A = Kills in this place as a percentage of kills in entire the game.
 B = Kills by you in this place as a percentage of kills by you in the entire game.
 C = Kills by friends in this place as a percentage of kills by friends in the entire game.
 D = Other kills in this place as a percentage of other kills in the entire game.
 E = Experience gained in this place as a percentage of experience gained in the entire game.
 F = Experience gained in this place divided by the number of levels of this place that you have seen.
                   A       B       C       D       E      F
               +-------+-------+-------+-------+-------+----------------------
         Total | 100.0 | 100.0 | 100.0 |  -nan | 100.0 | 4475.0
       Dungeon | 100.0 | 100.0 | 100.0 |  -nan | 100.0 | 4475.0
               +-------+-------+-------+-------+-------+----------------------
